 Dungeon Crawl Stone Soup version 0.20-a0-738-gb057e68 (webtiles) character file.

306 polly the Bolt Thrower (level 6, -1/50 HPs)
             Began as a Centaur Arcane Marksman on Feb 24, 2017.
             Slain by a sky beast (2 damage)
             ... on level 3 of the Dungeon.
             The game lasted 00:04:07 (3042 turns).

polly the Bolt Thrower (Centaur Arcane Marksman)    Turns: 3042, Time: 00:04:08

Health: -1/50      AC:  6    Str: 13    XL:     6   Next: 16%
Magic:  3/7        EV: 10    Int: 20    God:
Gold:   124        SH:  0    Dex: 11    Spells: 3/7 levels left

rFire    . . .     SeeInvis .   a - +0 hand crossbow
rCold    . . .     Gourm    .   e - +0 robe
rNeg     . . .     Faith    .   (no shield)
rPois    .         Spirit   .   (no helmet)
rElec    .         Reflect  .   (no cloak)
rCorr    .         Harm     .   i - +1 pair of gloves
MR       .....                  (no barding)
Stlth    +.........             (no amulet)
Regen    0.2/turn               (no ring)
MPRegen  0.1/turn               r - +3 ring of intelligence

@: brilliant, flying, very quick
A: hooves 3, deformed body, speed 2, tough skin 3
a: no special abilities


You were on level 3 of the Dungeon.
You were not hungry.

You visited 1 branch of the dungeon, and saw 3 of its levels.

You collected 124 gold pieces.

Inventory:

Hand Weapons
 a - a +0 hand crossbow (weapon)
Missiles
 d - 13 bolts (quivered)
Armour
 e - a +0 robe (worn)
 i - a +1 pair of gloves (worn)
Jewellery
 r - a +3 ring of intelligence (left hand)
Scrolls
 b - 3 scrolls of remove curse {unknown}
 g - 2 scrolls of identify {unknown}
 n - 2 scrolls of enchant armour {unknown}
 o - 2 scrolls of teleportation {unknown}
 q - 5 scrolls of enchant weapon {unknown}
Potions
 j - a potion of brilliance
 k - a potion of haste {unknown}
 m - a potion of agility {unknown}
 p - a potion of heal wounds {unknown}
Books
 c - a book of Debilitation

   Spells                             Type                      Level
   a - Corona                         Hexes                        1
   b - Slow                           Hexes                        2
   c - Inner Flame                    Hexes/Fire                   3
   d - Portal Projectile              Hexes/Translocation          3
   e - Cause Fear                     Hexes                        4
   f - Leda's Liquefaction            Hexes/Earth                  4
Comestibles
 f - 3 bread rations
 l - a royal jelly
 s - a chunk of flesh


   Skills:
 + Level 2.7 Fighting
 + Level 5.6 Crossbows
 + Level 2.1 Dodging
 + Level 0.1 Stealth
 + Level 1.0 Spellcasting
 + Level 3.2 Hexes


You had 3 spell levels left.
You knew the following spells:

 Your Spells              Type           Power        Failure   Level  Hunger
a - Corona                Hex            ####...      1%          1    ##.....
b - Portal Projectile     Hex/Tloc       ###...       3%          3    ####...


Dungeon Overview and Level Annotations

Branches:
Dungeon (3/15)

Altars:
Fedhas
Wu Jian
Yredelemnul
Zin


Innate Abilities, Weirdness & Mutations

You have hooves in place of feet.
Armour fits poorly on your strangely shaped body.
You cover ground very quickly.
You have extremely tough skin. (AC +3)


Message History

Press: ? - help, Shift-Dir - straight line, f/p - orc priest
Aim: an orc priest, wielding a whip and wearing a scale mail (moderately wounded)
You shoot a bolt.
The bolt hits the orc priest but does no damage.
The orc priest is moderately wounded.
Something hits you.
* * * LOW HITPOINT WARNING * * *
Something shocks you.
* * * LOW HITPOINT WARNING * * *
Something hits you.
* * * LOW HITPOINT WARNING * * *
Something shocks you.
* * * LOW HITPOINT WARNING * * *
It was a potion of brilliance.
You feel clever all of a sudden. Something completely misses you.
It was a potion of flight.
You feel very buoyant.
You fly up into the air.
Something hits you.
You die...

#.......#######..................
#.........#(....(<#.###.....#####
#.......#(..........##.......####
#.......###.......#..............
#........##.(.................###
#.........#$...(...#..........#
#########....รท.....#..........#
........##..)......#..........###
........##.####.@.(..............
.........#..# #.o.(...........###
........o...# #...#..............
....)....#........##.............
.........#####..(................
.....<..........(................
###.####.........................
##.# ####.##....###..####......
#..# ..................##..


You could see an orc priest.

Vanquished Creatures
  Grinder (D:3)
  A hound skeleton (D:3)
  3 adders
  2 oozes (D:2)
  3 worms
  2 leopard geckos
  2 orcs (D:3)
  5 bats
  2 giant cockroaches
  7 goblins
  5 hobgoblins
  10 jackals
  A quokka (D:2)
  3 ball pythons
  3 frilled lizards
  7 kobolds
  3 rats
60 creatures vanquished.

Notes
Turn   | Place    | Note
-------+----------+-------------------------------------------
     0 | D:1      | polly the Centaur Arcane Marksman began the quest for the Orb.
     0 | D:1      | Reached XP level 1. HP: 16/16 MP: 2/2
    81 | D:1      | Reached XP level 2. HP: 9/23 MP: 3/3
  1177 | D:2      | Reached XP level 3. HP: 28/28 MP: 4/4
  1531 | D:2      | Reached skill level 3 in Crossbows
  1595 | D:2      | You fall through a shaft!
  1600 | D:3      | Found a basalt altar of Yredelemnul.
  1621 | D:3      | Reached XP level 4. HP: 36/36 MP: 5/5
  1630 | D:3      | Found an ornate altar of the Wu Jian Council.
  1630 | D:3      | Found a blossoming altar of Fedhas.
  1634 | D:3      | Found a glowing silver altar of Zin.
  1816 | D:3      | Noticed Grinder
  2216 | D:3      | Reached skill level 4 in Crossbows
  2284 | D:3      | Paralysed by Grinder for 5 turns
  2486 | D:3      | Paralysed by Grinder for 6 turns
  2499 | D:3      | Killed Grinder
  2499 | D:3      | Reached skill level 5 in Crossbows
  2499 | D:3      | Reached XP level 5. HP: 17/42 MP: 6/6
  2499 | D:3      | Reached XP level 6. HP: 21/50 MP: 7/7
  2709 | D:3      | Learned a level 3 spell: Portal Projectile
  2726 | D:3      | Noticed a sky beast
  3040 | D:3      | HP: 1/50 [something (5)]
  3042 | D:3      | Slain by a sky beast

Vault maps used:
D:1:      co_arrival_random_square_maze
D:2:      first_bread
D:3:      grunt_temple_overflow_open, uniq_grinder

Skill      XL: |  1  2  3  4 |
---------------+-------------+-----
Hexes          | 3 |  3.2
Crossbows      | 3 5 |  5.6
Fighting       | 2 |  2.7
Dodging        | 2 |  2.1
Stealth        | |  0.1
Spellcasting   | |  1.0

Action                   |  1- 3 |  4- 6 || total
-------------------------+-------+-------++-------
 Fire: Hand crossbow     |    95 |    93 ||   188
 Cast: Portal Projectile |       |     1 ||     1
  Use: Potion            |       |     2 ||     2
  Eat: Chunk             |       |     5 ||     5
Armor: Robe              |    18 |    28 ||    46
Dodge: Dodged            |    25 |    31 ||    56
